 Dungeon Crawl Stone Soup version 0.26.0-10-g1f06aea511 (webtiles) character file.

Game seed: 6096422592739889130

41 funkygono the Conjurer (level 3, -4/26 HPs)
             Began as a Draconian Conjurer on Jan 17, 2021.
             Slain by an ice beast (5 damage)
             ... on level 2 of the Dungeon.
             The game lasted 00:02:53 (1354 turns).

funkygono the Conjurer (Draconian Conjurer)         Turns: 1354, Time: 00:02:54

Health: -4/26      AC:  6    Str:  9    XL:     3   Next: 32%
Magic:  0/6        EV: 12    Int: 19    God:
Gold:   77         SH:  0    Dex:  9    Spells: 0/6 levels left

rFire    . . .     SeeInvis .   b - +0 club
rCold    . . .     Faith    .   (no shield)
rNeg     . . .     Spirit   .   (armour unavailable)
rPois    .         Reflect  .   (helmet restricted)
rElec    .         Harm     .   c - +0 cloak
rCorr    .         Rampage  .   (no gloves)
Will     .....                  (no boots)
Stlth    ++........             (no amulet)
HPRegen  0.08/turn              (no ring)
MPRegen  0.10/turn              (no ring)

@: slowed, very slow
A: unfitting armour, cold-blooded, AC +5
a: no special abilities


You were on level 2 of the Dungeon.
You visited 1 branch of the dungeon, and saw 2 of its levels.

You collected 77 gold pieces.

Inventory:

Hand Weapons
 b - a +0 club (weapon)
Armour
 c - a +0 cloak (worn)
Scrolls
 a - a scroll of amnesia
 d - a scroll of fog {unknown}
Potions
 e - 2 potions of attraction {unknown}


   Skills:
 + Level 1.8 Dodging
 + Level 1.7 Stealth
 + Level 0.3 Unarmed Combat
 * Level 2.3 Spellcasting
 * Level 4.9 Conjurations


You couldn't memorise any spells.
You knew the following spells:

 Your Spells              Type           Power        Failure   Level
a - Magic Dart            Conj           80%          2%          1
b - Searing Ray           Conj           40%          3%          2
c - Dazzling Flash        Conj/Hex       22%          19%         3

Your spell library contained the following spells:

 Spells                   Type           Power        Failure   Level
 Fulminant Prism          Conj/Hex       5%           52%         4
 Iskenderun's Mystic Bla  Conj/Tloc      11%          52%         4


Dungeon Overview and Level Annotations

Branches:
Dungeon (2/15)

Altars:


Innate Abilities, Weirdness & Mutations

Your plain brown scales are hard. (AC +5)
You cannot fit into any form of body armour.
You are cold-blooded and may be slowed by cold attacks.


Message History

The ice beast closely misses you.
You closely miss the ice beast.
The ice beast is severely wounded.
The ice beast hits you. The ice beast freezes you!
You feel yourself slow down.
* * * LOW HITPOINT WARNING * * *
The ice beast closely misses you.
There is a stone staircase leading up here.
You feel yourself speed up.
Casting: Magic Dart (safe; 2% risk of failure)
Confirm with . or Enter, or press ? or * to list all spells.
Aiming: Searing Ray (safe; 3% risk of failure)
Press: ? - help, Shift-Dir - straight line, f/p - ice beast
Aim: an ice beast (severely wounded, 22% to evade)
The searing ray hits the ice beast.
The ice beast is almost dead. (Press . to maintain the ray.)
The ice beast hits you.
* * * LOW HITPOINT WARNING * * *
The ice beast freezes you.
You feel yourself slow down.
You die...

#... #...# #..#
#...###...###..#
...............#
...............#
...............#
#...###...###..####### ##
#. #...# #......... .#
...###...###..########.#
................@Y....#.#
...............######.#.#
...............#
#..<#.######
#...###...###..#
#.#......... #..$ #...#
#..# #.#.#.#####. #..
#...# #..# #.#.#.# ..
...... †..# #.#.#.#
...... ...# #.#<#.#
#.#.###.#.## #...#..


You could see an ice beast.

Vanquished Creatures
  2 oozes (D:1)
  3 leopard geckos (D:1)
  4 giant cockroaches
  4 goblins
  5 hobgoblins (D:1)
  A ball python (D:1)
  A bat (D:1)
  A frilled lizard (D:1)
  3 kobolds (D:1)
  4 rats
28 creatures vanquished.

Notes
Turn   | Place    | Note
-------+----------+-------------------------------------------
     0 | D:1      | funkygono the Draconian Conjurer began the quest for the
                  | Orb.
     0 | D:1      | Reached XP level 1. HP: 14/14 MP: 3/3
   232 | D:1      | Reached XP level 2. HP: 20/20 MP: 0/5
   235 | D:1      | Learned a level 2 spell: Searing Ray
   733 | D:1      | Reached XP level 3. HP: 26/26 MP: 3/6
  1141 | D:1      | Learned a level 3 spell: Dazzling Flash
  1306 | D:2      | Noticed an ice beast
  1339 | D:2      | HP: 1/26 [ice beast (8)]
  1354 | D:2      | HP: 1/26 [ice beast (1)]
  1354 | D:2      | Slain by an ice beast

Illustrated notes

Levels and vault maps discovered:
D:1:      lightli_arrival_flooded_house, layout_loops_ring, st_stairs_3,
          minmay_splitting_lines
D:2:      layout_basic, ebering_dispersal_statue_hall, kennysheep_boxes

Action                   || total
-------------------------++-------
Melee: Unarmed           ||    10
       Tailslap          ||     1
       Club              ||     5
 Cast: Magic Dart        ||    52
       Searing Ray       ||     3
  Use: Scroll            ||     1
Armor: Skin              ||     8
Dodge: Dodged            ||    18
